 Dungeon Crawl Stone Soup version 0.28-a0-1447-ga5a8893891 (webtiles) character file.

Game seed: 14881148523718093842

12 fragbeetle the Digger (level 2, 15/16 HPs)
             Began as a Gargoyle Earth Elementalist on Jan 12, 2022.
             Was a Follower of Makhleb.
             Quit the game on level 1 of the Dungeon.
             The game lasted 00:01:54 (733 turns).

fragbeetle the Digger (Gargoyle Earth Elementalist)  Turns: 733, Time: 00:01:55

Health: 15/16      AC:  4    Str: 11    XL:     2   Next: 33%
Magic:  5/5        EV: 12    Int: 15    God:    Makhleb [*.....]
Gold:   14         SH:  0    Dex: 10    Spells: 4/5 levels left

rFire   . . .      SeeInvis .   (no weapon)
rCold   . . .      Faith    .   (no shield)
rNeg    + . .      Spirit   .   b - +0 robe
rPois   ∞          Reflect  .   (no helmet)
rElec   +          Harm     .   (no cloak)
rCorr   .          Rampage  .   (no gloves)
Will    .....                   (no boots)
Stlth   ++........              (no amulet)
HPRegen 0.05/turn               (no ring)
MPRegen 0.09/turn               (no ring)

@: no status effects
A: sickness immunity, AC +2, negative energy resistance 1, electricity
resistance, torment resistance 1, petrification resistance
a: Renounce Religion


You were on level 1 of the Dungeon.
You worshipped Makhleb.
Makhleb was aware of your devotion.
You visited 1 branch of the dungeon, and saw 1 of its levels.

You collected 14 gold pieces.

Inventory:

Missiles
 c - 18 stones
Armour
 b - a +0 robe (worn)
Scrolls
 a - a scroll of blinking {unknown}
Potions
 d - a potion of mutation {unknown}


   Skills:
 + Level 1.0 Fighting
 + Level 1.8 Dodging
 - Level 2.1 Stealth
 - Level 2.0 Spellcasting
 - Level 1.0 Transmutations
 + Level 3.9 Earth Magic


You had 4 spell levels left.
You knew the following spells:

 Your Spells              Type           Power      Damage    Failure   Level
a - Sandblast             Erth           26%        2d8       4%          1

Your spell library contained the following spells:

 Spells                   Type           Power      Damage    Failure   Level
 Passwall                 Tmut/Erth      6%         N/A       12%         2
 Stone Arrow              Conj/Erth      14%        3d7       30%         3
 Petrify                  Tmut/Erth      8%         N/A       63%         4


Dungeon Overview and Level Annotations

Branches:
Dungeon (1/15)

Altars:
Makhleb


Innate Abilities, Weirdness & Mutations

You are immune to sickness and miasma.
Your stone body is resilient. (AC +2)
You are immune to poison.
You resist negative energy. (rN+)
You are resistant to electric shocks. (rElec)
You are resistant to unholy torment.
You are immune to petrification.


Message History

The blast of sand misses the quokka.
The quokka barely misses you.
You barely miss the quokka. The quokka closely misses you.
You miss the quokka. The quokka closely misses you.
The blast of sand hits the quokka.
You kill the quokka!
You see here a bat corpse.
a - a scroll labelled MEOSTR VYAGEO A bat comes into view.
Found a faded altar of an unknown god.
The bat barely misses you.
The blast of sand hits the bat!
You kill the bat!
Found a fuming golden potion.
An endoplasm comes into view.
Found a glowing cyan potion.
The endoplasm quivers.
There is a faded altar of an unknown god here.
You cannot tell which god this altar belongs to.
Convert to them anyway?
Okay, then.
Unknown command.
Press < or > to pray at altars.
You cannot tell which god this altar belongs to.
Convert to them anyway?
Makhleb accepts your prayer! Makhleb welcomes you!
You can now gain health from killing.
You hit the endoplasm.
The endoplasm is lightly wounded.
The endoplasm barely misses you.
You hit the endoplasm.
The endoplasm is severely wounded.
The endoplasm hits you.
You hit the endoplasm.
The endoplasm is almost dead.
The endoplasm freezes you.
You are frozen.
You hit the endoplasm.
You kill the endoplasm!
Makhleb accepts your kill.
Your Fighting skill increases to level 1!
d - a fuming golden potion Are you sure you want to abandon this character and quit the game? (Confirm with "yes".)

####### # #
#.....####
....#........#
#.....♣.♣..#
####.♣.♣.♣.#
#..♣_♣.@# ######
#.♣.♣.♣.##
......##..♣.♣...!
.................#
......#..####..###
........####..#.#
.......#........#
......##......###
......#.......#


There were no monsters in sight!

Vanquished Creatures
  3 endoplasms (D:1)
  A hobgoblin (D:1)
  2 quokkas (D:1)
  4 bats (D:1)
  A frilled lizard (D:1)
11 creatures vanquished.

Notes
Turn   | Place    | Note
-------+----------+-------------------------------------------
     0 | D:1      | fragbeetle the Gargoyle Earth Elementalist began the quest
                  | for the Orb.
     0 | D:1      | Reached XP level 1. HP: 10/10 MP: 3/3
   409 | D:1      | Reached skill level 1 in Transmutations
   428 | D:1      | Reached XP level 2. HP: 6/16 MP: 0/5
   709 | D:1      | Found a faded altar of an unknown god.
   716 | D:1      | Prayed at the altar of an unknown god.
   716 | D:1      | Became a worshipper of Makhleb the Destroyer
   716 | D:1      | Reached * piety under Makhleb
   721 | D:1      | Reached skill level 1 in Fighting
   733 | D:1      | Quit the game

Illustrated notes

Levels and vault maps discovered:
D:1:      dpeg_arrival_pits, layout_rooms,
          chequers_ecumenical_altar_simple_redux

Skill      XL: |  1  2 |
---------------+-------+-----
Transmutations | 1 |  1.0
Fighting       | 1 |  1.0
Dodging        | |  1.8
Stealth        | |  2.1
Spellcasting   | |  2.0
Earth Magic    | |  3.9

Action                   || total
-------------------------++-------
Melee: Unarmed           ||    57
 Cast: Sandblast         ||    12
Armor: Robe              ||    31
Dodge: Dodged            ||    67

Table legend: (Time is in decaauts)
 A = Elapsed time spent in this place.
 B = Non-inter-level travel time spent in this place.
 C = Inter-level travel time spent in this place.
 D = Time resting spent in this place.
 E = Time spent auto-exploring this place.
 F = Levels seen in this place.
 G = Mean time per level.
                   A        B        C        D        E       F      G
               +--------+--------+--------+--------+--------+-----+--------+
         Total |    733 |    733 |      0 |    487 |     74 |   1 |  733.0 |
       Dungeon |    733 |    733 |      0 |    487 |     74 |   1 |  733.0 |
               +--------+--------+--------+--------+--------+-----+--------+

Top non-repeatable levels by time:
     D:1: 733 daAuts
